 Dungeon Crawl Stone Soup version 0.32-a0-705-g60f233581c (webtiles) character file.

Game seed: 2102479330391730975

23625 sulpiride the Blocker (level 13, -10/109 HPs)
             Began as a Formicid Fighter on Mar 14, 2024.
             Was a High Priest of Lugonu.
             Mangled by an earth elemental (11 damage)
             ... summoned by Lugonu's corruption
             ... in a volcano.
             The game lasted 00:20:35 (11561 turns).

sulpiride the Blocker (Formicid Fighter)           Turns: 11561, Time: 00:20:36

Health: -10/109    AC: 23    Str: 33    XL:     13   Next: 36%
Magic:  17/23      EV:  6    Int:  8    God:    Lugonu [*****.]
Gold:   816        SH: 12    Dex: 12    Spells: 12/12 levels left

rFire   . . .        N - +2 glaive (flame)
rCold   + . .        b - +0 kite shield
rNeg    . . .        G - +2 plate armour {rC+}
rPois   +            (helmet unavailable)
rElec   .            F - +1 cloak
rCorr   .            h - +0 pair of gloves
SInv    +            y - +0 pair of boots
Will    ++...        x - amulet "Temut" {Regen+ Str+4} Stlth
                     z - ring of willpower
HPRegen 1.18/turn    I - +4 ring of protection
MPRegen 0.18/turn

%: no passive effects
@: unable to drink
A: permanent stasis, dig shafts and tunnels, antennae 3, four strong arms, high
MP 1, poison resistance, strong 1, inability to drink after injury 1
a: Dig, Renounce Religion, Depart the Abyss, Banish, Corrupt, Enter the Abyss


You were in a volcano.
You worshipped Lugonu.
Lugonu was extremely pleased with you.
You visited 2 branches of the dungeon, and saw 12 of its levels.
You also visited: Volcano.

You collected 816 gold pieces.

Inventory:

Hand Weapons
 e - a +3 halberd
 H - a +0 demon whip of venom
 N - a +2 glaive of flaming (weapon)
Missiles
 u - 9 curare-tipped darts (quivered)
Armour
 b - a +0 kite shield (worn)
 h - a +0 pair of gloves (worn)
 y - a +0 pair of boots (worn)
 F - a +1 cloak (worn)
 G - a +2 plate armour of cold resistance (worn)
Jewellery
 c - an amulet of guardian spirit
 d - an amulet of regeneration
 m - the ring "Roisok" {Ice Str+5}
   (You found it on level 9 of the Dungeon)

   [ring of ice]

   Ice:       It enhances your ice magic.
   Str+5:     It affects your strength (+5).
   rF-:       It makes you vulnerable to fire.
   rC+:       It protects you from cold.
 o - an amulet of faith
 x - the amulet "Temut" (around neck) {Regen+ Str+4}
   (You took it off a kobold on level 4 of the Dungeon)

   [amulet of regeneration]

   Str+4:     It affects your strength (+4).
   Regen+:    It increases your rate of health regeneration.
 z - a ring of willpower (left hand)
 I - a +4 ring of protection (right hand)
 J - a ring of ice
Wands
 w - a wand of flame (50)
 D - a wand of mindburst (10)
Scrolls
 f - 7 scrolls of teleportation {@r3}
 j - a scroll of torment
 k - a scroll of enchant weapon
 l - 3 scrolls of blinking {@r4}
 n - 3 scrolls of immolation
 p - 3 scrolls of noise
 s - a scroll of silence {!r}
 B - a scroll of enchant armour
 E - a scroll of identify {@r1}
 K - a scroll of revelation {@r5}
 M - a scroll of butterflies {unknown}
Potions
 a - a potion of magic {unknown}
 g - a potion of lignification
 q - a potion of attraction
 r - 4 potions of brilliance
 t - a potion of berserk rage
 v - 2 potions of ambrosia
 C - 2 potions of enlightenment
 L - a potion of curing {@q2}


   Skills:
 + Level 12.7 Fighting
 - Level 3.5(7.4) Axes
 * Level 10.2(10.5) Polearms
 + Level 6.5 Armour
 + Level 14.7 Shields
 + Level 11.1 Invocations


You had 12 spell levels left.
You didn't know any spells.
Your spell library contained the following spells:

 Spells                   Type           Power      Damage    Failure   Level
 Freeze                   Ice            0%         1d3       99%         1
 Magic Dart               Conj           0%         1d3       99%         1
 Necrotise                Necr           0%         1d4       99%         1
 Shock                    Conj/Air       0%         1d3       99%         1
 Call Imp                 Summ           0%         N/A       100%        2
 Cigotuvi's Dreadful Rot  Necr/Alch/Air  0%         N/A       100%        2
 Frozen Ramparts          Ice            0%         1d1       100%        3
 Hailstorm                Conj/Ice       0%         3d5       100%        3
 Inner Flame              Hex/Fire       0%         N/A       100%        3
 Stone Arrow              Conj/Erth      0%         3d7       100%        3
 Vampiric Draining        Necr           0%         2d6       100%        3
 Airstrike                Air            0%         2d(0-16)  100%        4
 Animate Armour           Summ/Erth      0%         N/A       100%        4
 Cause Fear               Hex            0%         N/A       100%        4
 Dispel Undead            Necr           0%         3d6       100%        4
 Flame Wave               Conj/Fire      0%         2d4       100%        4
 Martyr's Knell           Necr/Summ      0%         N/A       100%        4
 Sticky Flame             Fire/Alch      0%         2d4       100%        4
 Curse of Agony           Necr           0%         N/A       100%        5
 Fireball                 Conj/Fire      0%         3d3       100%        5
 Irradiate                Conj/Alch      0%         3d11      100%        5
 Ignition                 Fire           0%         3d3       100%        8
 Lehudib's Crystal Spear  Conj/Erth      0%         10d2      100%        8
 Dragon's Call            Summ           0%         N/A       100%        9
 Blink                    Tloc           Unusable   N/A       N/A         2
 Swiftness                Air            Unusable   N/A       N/A         3

Dungeon Overview and Level Annotations

Branches:
Dungeon (11/15)            Temple (0/1) D:5            Lair (1/5) D:11
    Orc (0/2) D:10        Volcano (1/1)

Altars:
Ashenzari
Cheibriados
Elyvilon
Fedhas
Sif Muna
Trog
Uskayaw
Xom
Zin
The Shining One
Lugonu

Shops:
D:1 (   D:4 :   D:6 :

Annotations:
D:7 1 runed translucent door, Konar's ghost, novice CoHs
Abyss:1 Pikel Volcano corrupted


Innate Abilities, Weirdness & Mutations

You cannot be hasted, slowed, berserked, paralysed or teleported.
You can dig through walls and to a lower floor.
You have a pair of large antennae on your head. (SInv)
Your four strong arms can wield two-handed weapons with a shield.
You have an increased reservoir of magic. (+10% MP)
Your system is resistant to poisons. (rPois)
Your muscles are strong. (Str +4, Int/Dex -1)
You occasionally lose the ability to drink potions when taking damage.


Message History

The worldbinder barely misses the hell hog.
The worldbinder hits the hell hog.
The hell hog bites the worldbinder but does no damage.
The quasit bites the hell hog.
The quasit barely misses the hell hog.
The quasit claws the hell hog.
The thrashing horror closely misses the centaur.
The thrashing horror tramples the centaur.
The centaur holds its ground!
Something closely misses the rakshasa.
The worldbinder calls forth creatures from the Crypt!
The hell hog breathes fire at the quasit.
The fireball explodes!
The fireball engulfs the quasit!
The quasit resists.
The fireball engulfs the hell hog.
The hell hog completely resists.
The fireball engulfs you!!
* * * LOW HITPOINT WARNING * * *
You feel threatened and lose the ability to drink potions!
The fireball engulfs the shadow dragon!!
The fireball engulfs the wraith.
The fireball engulfs the earth elemental.
The earth elemental completely resists.
The fireball engulfs the smoke demon.
The smoke demon resists.
The fireball engulfs the raiju!!
The centaur hits the large abomination but does no damage.
The centaur kicks the large abomination but does no damage.
The white imp gestures at the hell hog.
The puff of frost hits the hell hog!
A starcursed mass splits.
The living lightning hits the centaur!!
The centaur dies!
A living lightning appears from out of your range of vision.
The wraith hits you but does no damage.
The ynoxinul gestures.
The hell hog writhes in pain as voices assail its mind.
The hell hog dies!
Unknown command.
The white imp hits you but does no damage.
You block the wraith's attack. You block the quasit's attack. x3
The shadow dragon bites you but does no damage.
The shadow dragon barely misses you. The shadow dragon claws you.
* * * LOW HITPOINT WARNING * * *
The wraith hits you but does no damage. The earth elemental hits you!
You die...

≈≈≈≈≈≈ ≈≈≈≈≈≈≈
≈≈≈≈≈≈≈≈≈≈≈≈≈≈≈≈≈.≈≈≈≈≈≈≈≈≈≈
≈≈≈≈≈≈≈≈≈≈≈≈≈≈≈≈.≈.....≈≈≈≈≈≈
≈≈≈≈≈≈≈≈≈≈..≈≈≈≈3≈..≈.#≈≈≈≈≈≈
≈≈≈≈≈≈≈≈○≈.≈.≈≈≈3t#3..#≈.≈≈≈≈
~≈≈≈≈≈≈≈○°...≈{##W.≈#≈#..≈≈≈≈
~.~~≈.~.~#..#..#@D.z...##≈≈≈
~~~~~~~~~...xXX5E53°..5..≈≈≈
)............X.#pxzh334#,
#)##...###.#..X#Xz#uZ...#
..)##.## $..3{x#h1##5Z.#
....#.# $)!#.##{VRX{{X..
....#.# !)$..#..2XX#{.#.
..)##.# )[#..##....#^{#+
####..° #+##.{..#X#...{.#


You could see 2 neutral starcursed masses, a neutral shadow dragon (summoned,
wandering), a neutral red very ugly thing (summoned, wandering), a neutral
tentacled starspawn (summoned, wandering), a neutral balrug (summoned,
wandering), a neutral Executioner (summoned, wandering, fast), a neutral
rakshasa (summoned, wandering), a neutral vampire mage (summoned, wandering), 3
neutral thrashing horrors, 3 neutral large abominations, a neutral apocalypse
crab (summoned, wandering), a neutral earth elemental (summoned, wandering), a
neutral necromancer (summoned, wandering), a neutral worldbinder (summoned,
wandering), 4 neutral smoke demons, 2 neutral raiju, a neutral ynoxinul
(summoned, wandering), a neutral wraith (summoned, wandering), a neutral chaos
spawn (summoned, wandering), a neutral weeping skull (summoned, wandering), 2
neutral small abominations, 2 neutral laughing skulls, a neutral quasit
(summoned, wandering), a neutral white imp (summoned, wandering), 2 neutral
ufetubi, a neutral centaur warrior zombie (summoned, wandering) and a neutral
caustic shrike skeleton (summoned, wandering).

Vanquished Creatures
  Fannar (Lair:1)
  5 two-headed ogres
  5 death yaks (Lair:1)
  Amaemon (Lair:1)
  A fire crab (Volcano)
  An arcanist (D:9)
  Maurice (D:7)
  Maggie (D:6)
  An orange demon (Lair:1)
  3 unseen horrors
  A gargoyle (D:9)
  A rime drake (Lair:1)
  2 kobold demonologists
  Jeremiah (D:7)
  Psyche (D:9)
  2 komodo dragons
  5 trolls
  A slime creature (D:9)
  A shadow (D:9)
  9 yaks
  5 wyverns
  A wraith (D:8)
  3 steam dragons
  4 hell hounds
  2 water moccasins
  8 orc warriors
  A sky beast (D:6)
  7 ogres
  3 wolves (Lair:1)
  8 centaurs
  A lemure (D:6)
  10 kobold brigands
  3 gnoll sergeants
  8 bullfrogs
  3 scorpions
  8 wights (D:8)
  2 jellies
  4 howler monkeys
  An electric eel (D:10)
  3 bombardier beetles
  Crazy Yiuf (D:7)
  7 orc priests
  3 hounds
  A gnoll bouda (D:8)
  Jessica (D:2)
  2 iguanas (D:4)
  A sleepcap (D:4)
  13 orc wizards
  15 gnolls
  9 adders
  2 shadow imps (D:7)
  2 white imps (D:6)
  2 ufetubi (D:6)
  2 dart slugs
  3 ribbon worms
  40 orcs
  4 bats
  3 endoplasms
  A giant cockroach (D:3)
  6 goblins
  5 hobgoblins
  2 jackals (D:1)
  2 quokkas
  6 ball pythons
  3 frilled lizards
  13 kobolds
  5 rats
283 creatures vanquished.

Vanquished Creatures (others)
  A hell hog (Volcano)
  2 salamanders (Volcano)
  A centaur (Volcano)
  2 starspawn tentacles (Volcano)
6 creatures vanquished.

Grand Total: 289 creatures vanquished

Notes
Turn   | Place    | Note
-------+----------+-------------------------------------------
     0 | D:1      | sulpiride the Formicid Fighter began the quest for the Orb.
     0 | D:1      | Reached XP level 1. HP: 18/18 MP: 1/1
   131 | D:1      | Reached XP level 2. HP: 24/24 MP: 2/2
   188 | D:1      | Found Pept's Weapon Boutique.
   413 | D:1      | Reached XP level 3. HP: 29/29 MP: 3/3
  1018 | D:2      | Reached XP level 4. HP: 27/37 MP: 4/4
  1092 | D:2      | Noticed Jessica
  1098 | D:2      | Killed Jessica
  1122 | D:2      | Found a faded altar of an unknown god.
  1420 | D:2      | Prayed at the altar of an unknown god.
  1420 | D:2      | Became a worshipper of Lugonu the Unformed
  1420 | D:2      | Reached * piety under Lugonu
  1645 | D:3      | Reached XP level 5. HP: 35/42 MP: 5/5
  1813 | D:3      | Noticed an ogre
  1819 | D:3      | Killed an ogre
  1820 | D:3      | Reached skill level 5 in Shields
  1857 | D:3      | Reached XP level 6. HP: 45/49 MP: 7/7
  2282 | D:4      | Reached skill level 5 in Fighting
  2366 | D:4      | Reached skill level 6 in Shields
  2399 | D:4      | Found a blossoming altar of Fedhas.
  2452 | D:4      | Found Bowoac's Book Emporium.
  2683 | D:4      | Reached XP level 7. HP: 46/56 MP: 9/9
  2937 | D:4      | Identified the amulet "Temut" {Regen+ Str+4}
  3043 | D:5      | Entered Level 5 of the Dungeon
  3351 | D:5      | Reached ** piety under Lugonu
  3406 | D:5      | Found a glowing silver altar of Zin.
  3407 | D:5      | Found a glowing golden altar of the Shining One.
  3410 | D:5      | Found a white marble altar of Elyvilon.
  3625 | D:5      | Found a staircase to the Ecumenical Temple.
  3652 | D:5      | Reached skill level 7 in Shields
  3655 | D:5      | Reached XP level 8. HP: 31/64 MP: 11/11
  3910 | D:5      | Found a broken altar of Ashenzari.
  4030 | D:6      | Noticed a +0 spear
  4030 | D:6      | Noticed a +0 short sword
  4030 | D:6      | Noticed a +0 falchion
  4035 | D:6      | Reached skill level 5 in Invocations
  4074 | D:6      | Noticed a +0 short sword
  4074 | D:6      | Noticed a +0 dagger
  4084 | D:6      | Found a bloodstained altar of Trog.
  4084 | D:6      | Noticed a +0 dagger
  4085 | D:6      | Noticed a +0 falchion
  4261 | D:6      | Found a shimmering blue altar of Sif Muna.
  4272 | D:6      | Found Hatallao's Book Boutique.
  4298 | D:6      | Reached skill level 8 in Shields
  4399 | D:6      | Noticed Pikel
  4411 | D:6      | Banished Pikel
  4412 | D:6      | Reached skill level 9 in Shields
  4412 | D:6      | Reached XP level 9. HP: 36/72 MP: 8/14
  4901 | D:6      | Found a hide-covered altar of Uskayaw.
  4901 | D:6      | Noticed a +0 spear
  4901 | D:6      | Noticed Maggie
  5368 | D:4      | Identified a scroll of acquirement
  5368 | D:4      | Acquired a +2 battleaxe of freezing
  5649 | D:6      | Killed Maggie
  5837 | D:7      | Noticed Maurice
  5842 | D:7      | Maurice stole an amulet of reflection
  5843 | D:7      | Killed Maurice
  5844 | D:7      | Reached skill level 10 in Shields
  5882 | D:7      | Found a runed translucent door.
  5882 | D:7      | Noticed a deep elf pyromancer
  5882 | D:7      | Noticed Konar's ghost (novice CoHs)
  5893 | D:7      | Noticed Jeremiah
  5907 | D:7      | Killed Jeremiah
  6053 | D:7      | Reached XP level 10. HP: 60/82 MP: 16/16
  6627 | D:7      | Found a runed translucent door.
  6628 | D:7      | Noticed Crazy Yiuf
  6634 | D:7      | Killed Crazy Yiuf
  6917 | D:8      | Noticed a kobold demonologist
  6934 | D:8      | Killed a kobold demonologist
  6935 | D:8      | Reached skill level 11 in Shields
  6949 | D:8      | Reached *** piety under Lugonu
  6954 | D:8      | HP: 6/121 [wight/+2 falchion (9)]
  6956 | D:8      | HP: 1/121 [wight/+2 falchion (4)]
  6961 | D:8      | Gained mutation: Your muscles are strong. (Str +4, Int/Dex
                  | -1) [potion of mutation]
  6961 | D:8      | Gained mutation: Your system is resistant to poisons.
                  | (rPois) [potion of mutation]
  6961 | D:8      | Gained mutation: You occasionally lose the ability to drink
                  | potions when taking damage. [potion of mutation]
  6961 | D:8      | Gained mutation: You have an increased reservoir of magic.
                  | (+10% MP) [potion of mutation]
  7084 | D:8      | Found a snail-covered altar of Cheibriados.
  7296 | D:8      | Reached skill level 10 in Fighting
  7911 | D:9      | Noticed a kobold demonologist
  7913 | D:9      | Noticed a sixfirhy
  7916 | D:9      | Banished a kobold demonologist
  7917 | D:9      | Reached skill level 1 in Polearms
  7924 | D:9      | Reached skill level 12 in Shields
  7924 | D:9      | Reached skill level 10 in Invocations
  7943 | D:9      | Reached XP level 11. HP: 75/92 MP: 20/20
  7968 | D:9      | Noticed an arcanist
  7986 | D:9      | Killed an arcanist
  8057 | D:9      | Noticed a two-headed ogre
  8065 | D:9      | Banished a two-headed ogre
  8090 | D:9      | Identified the ring "Roisok" {Ice Str+5}
  8142 | D:9      | Reached skill level 5 in Polearms
  8143 | D:9      | Identified the +4 chain mail of Impressiveness {rElec rPois
                  | Str+3 SInv}
  8157 | D:9      | Noticed a two-headed ogre
  8277 | D:8      | Killed a two-headed ogre
  8318 | D:9      | Reached skill level 13 in Shields
  8524 | D:9      | Reached **** piety under Lugonu
  8545 | D:9      | Noticed a two-headed ogre
  8549 | D:9      | Killed a two-headed ogre
  8838 | D:9      | Reached XP level 12. HP: 86/100 MP: 21/21
  8957 | D:9      | Noticed Psyche
  8968 | D:9      | Killed Psyche
  9151 | D:9      | Found a shimmering altar of Xom.
  9246 | D:10     | Entered Level 10 of the Dungeon
  9830 | D:10     | Found a staircase to the Orcish Mines.
 10005 | D:11     | Reached ***** piety under Lugonu
 10194 | D:11     | Found a staircase to the Lair.
 10241 | D:11     | Noticed a two-headed ogre
 10247 | D:11     | Killed a two-headed ogre
 10248 | D:11     | Reached skill level 14 in Shields
 10369 | D:11     | Reached skill level 5 in Armour
 10620 | Lair:1   | Entered Level 1 of the Lair of Beasts
 10746 | Lair:1   | Noticed Amaemon
 10747 | Lair:1   | Noticed Fannar
 10795 | Lair:1   | Killed Amaemon
 10862 | Lair:1   | Killed Fannar
 10936 | Lair:1   | Noticed a death yak
 10941 | Lair:1   | Noticed a death yak
 10952 | Lair:1   | Killed a death yak
 10956 | Lair:1   | Noticed a death yak
 10963 | Lair:1   | Killed a death yak
 10980 | Lair:1   | Killed a death yak
 10981 | Lair:1   | Reached XP level 13. HP: 67/109 MP: 23/23
 11363 | Lair:1   | Found a dark tunnel.
 11377 | Lair:1   | Identified the +11 short sword of Yru Wasch {drain, rPois
                  | rC- Will+}
 11383 | Volcano  | Entered a volcano
 11415 | Volcano  | Reached skill level 10 in Polearms
 11556 | Volcano  | Corrupted Volcano
 11556 | Volcano  | Noticed a tentacled starspawn
 11556 | Volcano  | Noticed a shadow dragon
 11556 | Volcano  | Noticed an Executioner
 11556 | Volcano  | Noticed a red very ugly thing
 11556 | Volcano  | Noticed a starcursed mass
 11556 | Volcano  | Noticed a rakshasa
 11556 | Volcano  | Noticed a starcursed mass
 11558 | Volcano  | Noticed a starcursed mass
 11559 | Volcano  | Noticed a balrug
 11559 | Volcano  | HP: 2/109 [hell hog/fireball (27)]
 11561 | Volcano  | Mangled by an earth elemental

Illustrated notes

Levels and vault maps discovered:
D:1:      onia_arrival_pentagram, layout_basic, serial_shops,
          nicolae_shop_tiny_waterfront
D:2:      layout_loops_cross, shapermc_ecumenical_altar_mp_urbaneastern,
          uniq_jessica
D:3:      layout_basic, kennysheep_generic_room_14
D:4:      layout_loops_ring, mainiacjoe_overflow_surrounded_room, serial_shops,
          shop
D:5:      layout_basic, good_gods_temple_1, ashenzari_conservatory_becter,
          minmay_temple_entry_wispy, small_statue_intersection
D:6:      layout_rooms, kennysheep_mini, nicolae_uskayaw_en_pointe,
          trog_three_pillars_becter, serial_shops, shop,
          kennysheep_another_room, kennysheep_opposing_triangles, uniq_pikel,
          uniq_maggie
D:7:      layout_basic, ebering_ghost_inner_flame, uniq_crazy_yiuf_cottage,
          uniq_maurice, uniq_jeremiah
D:8:      layout_loops_cross, nicolae_overflow_crystal_walls, special_room
          [special_room_kobold]
D:9:      minmay_the_grid_3x3 [minmay_the_grid_minigrid_small,
          minmay_the_grid_box_x, minmay_the_grid_diamond_grid,
          minmay_the_grid_spin_star, minmay_the_grid_tiny_cups,
          minmay_the_grid_minigrid_medium, minmay_the_grid_outer_circle,
          minmay_the_grid_outer_diamond,
          minmay_the_grid_prize_four_corners_diamond_a], layout_grid_maze,
          xom_butterflies, uniq_psyche
D:10:     layout_basic, kennysheep_orc_monster_closet_entryway,
          fungi_pond_lemuel
D:11:     layout_cave_pools, lair_entry_dummy, corner_web_ring
Lair:1:   layout_gridlike, enter_volcano_3, infiniplex_staircase_pool,
          uniq_fannar, uniq_amaemon
Volcano:  volcano_village

Skill      XL: |  1  2  3  4  5  6  7  8  9 10 11 12 13 |
---------------+----------------------------------------+-----
Axes           | 3 |  3.5
Fighting       | 4 5 6 7 8 10 11 12 | 12.7
Shields        | 5 6 7 9 10 12 13 14 | 14.7
Invocations    | 2 3 4 6 8 10 11 | 11.1
Polearms       | 2 7 9 10 | 10.2
Armour         | 5 6 |  6.5

Action                     |  1- 3 |  4- 6 |  7- 9 | 10-12 | 13-15 || total
---------------------------+-------+-------+-------+-------+-------++-------
  Melee: War axe           |    83 |   130 |   124 |       |       ||   337
         Battleaxe         |       |       |    25 |       |       ||    25
         Trident           |       |       |     8 |   148 |       ||   156
         Halberd           |       |       |       |   520 |    94 ||   614
         Glaive            |       |       |       |       |     3 ||     3
  Throw: Throwing net      |       |     1 |       |       |       ||     1
 Invoke: Banish            |       |       |     1 |     3 |       ||     4
         Corrupt           |       |       |       |       |     1 ||     1
Ability: Dig               |       |       |       |     2 |       ||     2
  Evoke: Wand              |       |       |     4 |     4 |       ||     8
    Use: Scroll            |       |       |    13 |     4 |       ||    17
         Potion            |       |       |     2 |    10 |       ||    12
   Stab: Distracted        |       |       |       |     1 |       ||     1
 Armour: Scale mail        |    75 |    61 |    87 |       |       ||   223
         Chain mail        |       |       |    28 |   353 |       ||   381
         Skin              |       |       |       |    22 |       ||    22
         Plate armour      |       |       |       |   247 |   123 ||   370
  Dodge: Dodged            |    33 |    41 |    66 |   242 |    29 ||   411
  Block: Buckler           |    11 |    50 |    89 |    79 |       ||   229
         Kite shield       |       |       |       |   367 |    82 ||   449

Table legend: (Time is in decaauts)
 A = Elapsed time spent in this place.
 B = Non-inter-level travel time spent in this place.
 C = Inter-level travel time spent in this place.
 D = Time resting spent in this place.
 E = Time spent auto-exploring this place.
 F = Levels seen in this place.
 G = Mean time per level.
                   A        B        C        D        E       F      G
               +--------+--------+--------+--------+--------+-----+--------+
         Total |  11835 |  10989 |    846 |   1241 |   7190 |  13 |  910.4 |
       Dungeon |  10884 |  10068 |    816 |   1112 |   6722 |  11 |  989.5 |
          Lair |    771 |    741 |     30 |     72 |    438 |   1 |  771.0 |
       Volcano |    178 |    178 |      0 |     57 |     30 |   1 |  178.0 |
               +--------+--------+--------+--------+--------+-----+--------+

Top non-repeatable levels by time:
     D:5: 1413 daAuts
     D:9: 1326 daAuts
     D:6: 1245 daAuts
     D:4: 1148 daAuts
     D:7: 1128 daAuts
     D:8: 1097 daAuts
     D:2: 841 daAuts
  Lair:1: 771 daAuts
    D:10: 762 daAuts
     D:3: 646 daAuts
     D:1: 639 daAuts
    D:11: 634 daAuts
 Volcano: 178 daAuts
